Rangers vs Panthers (R1)

Created - October 18, 2018 at 21:42

Goals
1 2 3 T
Rangers 1 2 0 3
Panthers 2 4 0 6
Shots
1 2 3 T
Rangers 8 9 15 32
Panthers 7 15 4 26

1st period

1. Rangers , Matt Read 3 (Alexei Emelin 2, Stephen Weiss 3) at 13:54
2. Panthers , Tomas Kopecky 2 (Brayden Schenn 4, Kyle Clifford 3) at 14:12
3. Panthers , Kyle Clifford 2 (Alex Galchenyuk 2) at 19:49 (PP)

Penalties :
Stephen Weiss (NYR) for Hooking (Minor) at 5:55, Jakob Silfverberg (NYR) for Interference (Minor) at 19:45

2nd period

4. Rangers , Milan Lucic 3 (Alexei Emelin 3, Sean Couturier 1) at 2:41 (SH)
5. Panthers , Tomas Kopecky 3 (Alex Galchenyuk 3, Kyle Clifford 4) at 6:22 (PP)
6. Panthers , Tomas Kopecky 4 (Kyle Clifford 5, Matthew Spiller 2) at 8:40
7. Panthers , Patrick Eaves 1 (Mike Weber 1, Cédric Lalonde-McNicoll 1) at 9:19
8. Rangers , Stephen Weiss 1 (Cam Barker 1, James Neal 1) at 14:40 (PP)
9. Panthers , Drew Stafford 2 (Cory Emmerton 1) at 14:44

Penalties :
Alex Tanguay (NYR) for Goalie Interference (Minor) at 1:35, Sean Couturier (NYR) for Hooking (Minor) at 6:16, Jonathan Matsumoto (Flo) for Close Hand On Puck (Minor) at 14:24, Jakob Silfverberg (NYR) for Interference (Minor) at 15:06

3rd period

No Goal

Penalties :
Cory Emmerton (Flo) for Hooking (Minor) at 10:02, William Colbert (Flo) for Hooking (Minor) at 12:18

Goalie Stats

Frederik Andersen (NYR), 8 saves from 12 shots - (0.667), L, 2-1-0, 28:40 minutes
Braden Holtby (NYR), 12 saves from 14 shots - (0.857), 31:20 minutes
Petr Mrazek (Flo), 29 saves from 32 shots - (0.906), W, 1-0-0, 60:00 minutes

Players Stats for Rangers

Player Name              G  A  P  +/- PIM S  H  SB GA TA FO     MP     PP MP  PK MP  
------------------------------------------------------------------------------------
Alex Tanguay             0  0  0   1  2   1  1  0  0  0  0/0    11:29   0:00   0:27 
Alexei Emelin            0  2  2   2  0   0  3  1  0  0  0/0    13:06   0:00   0:44 
Artem Anisimov           0  0  0  -1  0   0  0  0  0  0  1/2     8:46   0:00   0:14 
Cam Barker               0  1  1  -4  0   2  3  2  1  0  0/0    26:44   2:46   2:42 
Chris Bourque            0  0  0  -1  0   2  2  0  0  0  0/0     8:31   0:00   0:00 
Colten Teubert           0  0  0   1  0   2  1  0  1  0  0/0    14:28   0:00   2:45 
Gustav Nyquist           0  0  0  -1  0   0  1  0  0  0  0/0     8:31   0:00   0:00 
Jakob Silfverberg        0  0  0  -3  4   6  2  0  0  0  1/3    19:37   2:20   0:00 
James Neal               0  1  1   0  0   2  1  0  1  0  0/0    15:03   1:54   0:00 
Magnus Paajarvi-Svensson 0  0  0   0  0   1  2  0  0  0  0/1    15:03   1:54   0:00 
Mark Fistric             0  0  0   0  0   0  1  1  0  1  0/0    23:03   1:28   3:18 
Matt Greene              0  0  0   0  0   0  2  1  0  1  0/0    18:39   0:00   2:45 
Matt Read                1  0  1   1  0   2  2  0  0  0  0/2    14:19   0:00   3:42 
Milan Lucic              1  0  1  -2  0   7  2  0  1  1  2/4    21:35   2:20   1:58 
Patrice Bergeron         0  0  0  -3  0   3  3  0  1  0  11/28  22:57   2:20   3:41 
Ryan Suter               0  0  0  -3  0   0  1  1  1  1  0/0    21:05   1:28   0:00 
Sean Couturier           0  1  1   1  2   3  5  0  0  0  7/12   17:24   1:54   2:12 
Stephen Weiss            1  1  2   1  2   1  2  0  0  0  0/0    13:28   2:46   0:00 

Players Stats for Panthers

Player Name              G  A  P  +/- PIM S  H  SB GA TA FO     MP     PP MP  PK MP  
------------------------------------------------------------------------------------
Alex Galchenyuk          0  2  2   2  0   2  4  0  0  0  12/19  21:50   3:11   1:28 
Alexander Perezhogin     0  0  0  -1  0   1  2  1  0  0  0/0    13:26   0:39   0:00 
Brayden Schenn           0  1  1   1  0   1  0  0  0  1  4/7     5:35   1:00   0:00 
Brendan Smith            0  0  0   1  0   3  1  0  0  1  0/0    24:33   2:38   2:44 
Cédric Lalonde-McNicoll  0  1  1   1  0   1  3  0  0  0  0/0    10:35   0:00   0:07 
Cory Emmerton            0  1  1   1  2   2  1  3  1  0  7/13   17:29   2:48   0:48 
Daniel Sedin             0  0  0   1  0   0  0  0  1  0  4/5    12:32   0:00   2:08 
Drew Stafford            1  0  1   1  0   2  2  1  1  1  0/0    14:16   1:47   2:33 
Eric Wellwood            0  0  0  -1  0   0  3  1  0  0  0/0    13:35   0:27   0:13 
Erik Gudbranson          0  0  0   1  0   0  3  1  1  0  0/0    25:44   3:29   1:30 
Jonathan Matsumoto       0  0  0  -2  2   1  3  0  0  0  2/4    16:01   1:07   1:11 
Jonathan Sigalet         0  0  0   0  0   0  0  1  0  1  0/0    20:20   2:38   1:30 
Kyle Clifford            1  3  4   1  0   4  5  1  0  0  0/0    19:53   3:41   0:00 
Matthew Spiller          0  1  1   0  0   1  0  3  0  1  0/0    25:47   3:29   2:44 
Mike Weber               0  1  1   1  0   0  0  1  0  0  0/0    11:36   0:00   0:00 
Patrick Eaves            1  0  1   1  0   2  0  0  0  0  0/1    10:19   0:00   0:00 
Tomas Kopecky            3  0  3   1  0   6  0  1  0  1  1/3    19:53   3:41   0:00 
William Colbert          0  0  0   1  2   0  0  1  0  0  0/0    12:19   0:00   0:00 

3 Stars

1 - Kyle Clifford (Flo)
2 - Tomas Kopecky (Flo)
3 - Alex Galchenyuk (Flo)

Power Play

Rangers - 1 on 3 Attempt(s) - 33.33%
Panthers - 2 on 5 Attempt(s) - 40.00%

Penalty Kill

Rangers - 3 on 5 Attempt(s) - 60.00% - Score 1 goal in Penalty Kill
Panthers - 2 on 3 Attempt(s) - 66.67% - Score 0 goal in Penalty Kill

Team Stat

Rangers - Hits : 34 - Faceoff Wins : 22 - Blocked Shots : 6 - Penalty Minutes : 10
Panthers - Hits : 27 - Faceoff Wins : 30 - Blocked Shots : 15 - Penalty Minutes : 6

Official

Referees : Unknown
Linesman : Unknown

Game Notes

Brayden Schenn is injured at 17:24 of 1st period (Sprained Right Ankle)
Tomas Kopecky has scored a Hat Trick!
Braden Holtby enters game at 8:40 of 2nd period

Finance

Level 1 -- Attendance: 6000 (100.00%) -- Ticket Income $528,000
Level 2 -- Attendance: 4691 (93.82%) -- Ticket Income $258,005
Level 3 -- Attendance: 1128 (56.40%) -- Ticket Income $56,400
Level 4 -- Attendance: 2956 (73.90%) -- Ticket Income $94,592
Luxury Box -- Attendance: 931 (93.10%) -- Ticket Income $134,995
Game was played at the Bank Atlantic Cente.
Total Attendance: 15706 (87.26%)
Total Ticket Income: $1,071,992
Other Income: $160,799
Total Income: $1,232,791

Rangers

5 vs 5 Forward 
   Center                   Left Wing                Right Wing               Time % Phy DF OF 
 1 Patrice Bergeron         Milan Lucic              Jakob Silfverberg        40     1   2  2  
 2 Sean Couturier           Magnus Paajarvi-Svensson James Neal               30     1   2  2  
 3 Stephen Weiss            Alex Tanguay             Matt Read                20     1   2  2  
 4 Artem Anisimov           Chris Bourque            Gustav Nyquist           10     1   2  2  

5 vs 5 Defense 
   Defense                  Defense                                           Time % Phy DF OF 
 1 Cam Barker               Ryan Suter                                        40     1   2  2  
 2 Mark Fistric             Matt Greene                                       30     1   2  2  
 3 Alexei Emelin            Colten Teubert                                    20     1   2  2  
 4 Cam Barker               Mark Fistric                                      10     1   2  2  

PowerPlay Forward 
   Center                   Left Wing                Right Wing               Time % Phy DF OF 
 1 Patrice Bergeron         Milan Lucic              Jakob Silfverberg        60     1   2  2  
 2 Sean Couturier           Magnus Paajarvi-Svensson James Neal               40     1   2  2  

PowerPlay Defense
   Defense                  Defense                                           Time % Phy DF OF 
 1 Cam Barker               Stephen Weiss                                     60     1   2  2  
 2 Mark Fistric             Ryan Suter                                        40     1   2  2  

Penalty Kill 4 Players Forward 
   Center                   Wing                     Time % Phy DF OF 
 1 Patrice Bergeron         Matt Read                60     1   2  2  
 2 Sean Couturier           Milan Lucic              40     1   2  2  

Penalty Kill 4 Players Defense
   Defense                  Defense                  Time % Phy DF OF 
 1 Cam Barker               Mark Fistric             60     1   2  2  
 2 Colten Teubert           Matt Greene              40     1   2  2  

Penalty Kill - 3 Players Forward 
   Forward                                           Time % Phy DF OF 
 1 Jakob Silfverberg                                 60     1   2  2  
 2 Patrice Bergeron                                  40     1   2  2  

Penalty Kill - 3 Players Defense
   Defense                  Defense                  Time % Phy DF OF 
 1 Colten Teubert           Mark Fistric             60     1   2  2  
 2 Cam Barker               Matt Greene              40     1   2  2  

4 vs 4 Forward 
   Center                   Wing                     Time % Phy DF OF 
 1 Patrice Bergeron         Milan Lucic              60     1   2  2  
 2 Jakob Silfverberg        Sean Couturier           40     1   2  2  

4 vs 4 Defense
   Defense                  Defense                  Time % Phy DF OF 
 1 Ryan Suter               Colten Teubert           60     1   2  2  
 2 Alexei Emelin            Matt Greene              40     1   2  2  

Last Minutes Offensive
   Center                   Left Wing                Right Wing               Defense                  Defense                  
   Milan Lucic              Patrice Bergeron         Jakob Silfverberg        Cam Barker               Mark Fistric             

Last Minutes Defensive
   Center                   Left Wing                Right Wing               Defense                  Defense                  
   Milan Lucic              Patrice Bergeron         Jakob Silfverberg        Cam Barker               Mark Fistric             

Goaltenders
Starting : Frederik Andersen        
Backup : Braden Holtby            

Extra Forwards
Normal : Milan Lucic, Jakob Silfverberg, Patrice Bergeron - PP : Stephen Weiss, James Neal - PK : Patrice Bergeron
Extra Defensemen
Normal : Mark Fistric, Cam Barker, Matt Greene - PP : Mark Fistric - PK : Mark Fistric, Cam Barker
Penalty Shots
Milan Lucic, Jakob Silfverberg, Patrice Bergeron, Stephen Weiss, James Neal

Scratches
None

Panthers

5 vs 5 Forward 
   Center                   Left Wing                Right Wing               Time % Phy DF OF 
 1 Brayden Schenn           Kyle Clifford            Tomas Kopecky            40     1   2  2  
 2 Cory Emmerton            Alex Galchenyuk          Drew Stafford            30     1   2  2  
 3 Jonathan Matsumoto       Eric Wellwood            Alexander Perezhogin     20     1   2  2  
 4 Cédric Lalonde-McNicoll  Daniel Sedin             Patrick Eaves            10     1   2  2  

5 vs 5 Defense 
   Defense                  Defense                                           Time % Phy DF OF 
 1 Erik Gudbranson          Matthew Spiller                                   40     1   2  2  
 2 Brendan Smith            Jonathan Sigalet                                  30     1   2  2  
 3 Mike Weber               William Colbert                                   20     1   2  2  
 4 Erik Gudbranson          Brendan Smith                                     10     1   2  2  

PowerPlay Forward 
   Center                   Left Wing                Right Wing               Time % Phy DF OF 
 1 Brayden Schenn           Kyle Clifford            Tomas Kopecky            60     1   2  2  
 2 Cory Emmerton            Alex Galchenyuk          Drew Stafford            40     1   2  2  

PowerPlay Defense
   Defense                  Defense                                           Time % Phy DF OF 
 1 Erik Gudbranson          Matthew Spiller                                   60     1   2  2  
 2 Brendan Smith            Jonathan Sigalet                                  40     1   2  2  

Penalty Kill 4 Players Forward 
   Center                   Wing                     Time % Phy DF OF 
 1 Brayden Schenn           Drew Stafford            60     1   2  2  
 2 Cédric Lalonde-McNicoll  Tomas Kopecky            40     1   2  2  

Penalty Kill 4 Players Defense
   Defense                  Defense                  Time % Phy DF OF 
 1 Brendan Smith            Matthew Spiller          60     1   2  2  
 2 Erik Gudbranson          Jonathan Sigalet         40     1   2  2  

Penalty Kill - 3 Players Forward 
   Forward                                           Time % Phy DF OF 
 1 Brayden Schenn                                    60     1   2  2  
 2 Drew Stafford                                     40     1   2  2  

Penalty Kill - 3 Players Defense
   Defense                  Defense                  Time % Phy DF OF 
 1 Brendan Smith            Matthew Spiller          60     1   2  2  
 2 Erik Gudbranson          Jonathan Sigalet         40     1   2  2  

4 vs 4 Forward 
   Center                   Wing                     Time % Phy DF OF 
 1 Brayden Schenn           Kyle Clifford            60     1   2  2  
 2 Cory Emmerton            Alex Galchenyuk          40     1   2  2  

4 vs 4 Defense
   Defense                  Defense                  Time % Phy DF OF 
 1 Erik Gudbranson          Matthew Spiller          60     1   2  2  
 2 Brendan Smith            Jonathan Sigalet         40     1   2  2  

Last Minutes Offensive
   Center                   Left Wing                Right Wing               Defense                  Defense                  
   Brayden Schenn           Kyle Clifford            Drew Stafford            Erik Gudbranson          Brendan Smith            

Last Minutes Defensive
   Center                   Left Wing                Right Wing               Defense                  Defense                  
   Brayden Schenn           Daniel Sedin             Drew Stafford            Erik Gudbranson          Brendan Smith            

Goaltenders
Starting : Petr Mrazek              
Backup : Antti Niemi              

Extra Forwards
Normal : Alex Galchenyuk, Brayden Schenn, Kyle Clifford - PP : Alex Galchenyuk, Brayden Schenn - PK : Daniel Sedin
Extra Defensemen
Normal : Brendan Smith, Mike Weber, Erik Gudbranson - PP : Mike Weber - PK : Erik Gudbranson, Brendan Smith
Penalty Shots
Alex Galchenyuk, Daniel Sedin, Brayden Schenn, Kyle Clifford, Cory Emmerton

Scratches
None


% Time on Ice - Rangers

Lines # - Real PCT - Wanted PCT - Time Play
Normal Forward
1 - 35% - 40% - 17:20
2 - 27% - 30% - 13:11
3 - 21% - 20% - 10:37
4 - 17% - 10% - 8:31
Normal Defense
1 - 38% - 40% - 19:06
2 - 32% - 30% - 16:01
3 - 24% - 20% - 11:49
4 - 5% - 10% - 2:43
PP Forward
1 - 55% - 60% - 2:20
2 - 45% - 40% - 1:54
PP Defense
1 - 65% - 60% - 2:46
2 - 35% - 40% - 1:28
PK Forward
1 - 68% - 60% - 4:09
2 - 32% - 40% - 1:58
PK Defense
1 - 55% - 60% - 3:22
2 - 45% - 40% - 2:45
PK3 Forward
1 - 0% - 60%
2 - 0% - 40%
PK3 Defense
1 - 0% - 60%
2 - 0% - 40%
44 Forward
1 - 0% - 60%
2 - 0% - 40%
44 Defense
1 - 0% - 60%
2 - 0% - 40%
Last Minute Offensive  - 0:00
Last Minute Defensive  - 0:00
Total
Forward - 60:00
Defense - 60:00

% Time on Ice - Panthers

Lines # - Real PCT - Wanted PCT - Time Play
Normal Forward
1 - 33% - 40% - 16:37
2 - 20% - 30% - 9:56
3 - 26% - 20% - 12:47
4 - 21% - 10% - 10:19
Normal Defense
1 - 39% - 40% - 19:24
2 - 30% - 30% - 15:08
3 - 23% - 20% - 11:36
4 - 7% - 10% - 3:31
PP Forward
1 - 69% - 60% - 4:12
2 - 31% - 40% - 1:55
PP Defense
1 - 57% - 60% - 3:29
2 - 43% - 40% - 2:38
PK Forward
1 - 100% - 60% - 4:14
2 - 0% - 40% - 0:00
PK Defense
1 - 65% - 60% - 2:44
2 - 35% - 40% - 1:30
PK3 Forward
1 - 0% - 60%
2 - 0% - 40%
PK3 Defense
1 - 0% - 60%
2 - 0% - 40%
44 Forward
1 - 0% - 60%
2 - 0% - 40%
44 Defense
1 - 0% - 60%
2 - 0% - 40%
Last Minute Offensive  - 0:00
Last Minute Defensive  - 0:00
Total
Forward - 60:00
Defense - 60:00

Play by Play

1st period


0:01 of 1st period - Patrice Bergeron wins face-off versus Brayden Schenn in neutral zone.
0:26 of 1st period - Alex Galchenyuk is hit by Sean Couturier and loses puck.
0:49 of 1st period - Jonathan Sigalet is hit by Stephen Weiss and loses puck.
0:55 of 1st period - Icing by Brendan Smith.
0:56 of 1st period - Artem Anisimov wins face-off versus Jonathan Matsumoto in Panthers zone.
1:21 of 1st period - Wrist shot by Kyle Clifford.
1:21 of 1st period - Shot Misses the Net.
1:45 of 1st period - Cam Barker is hit by Brendan Smith and loses puck.
2:29 of 1st period - Slapshot by Gustav Nyquist.
2:29 of 1st period - Shot Misses the Net.
2:52 of 1st period - Snap shot by Tomas Kopecky.
2:52 of 1st period - Shot Blocked by Mark Fistric.
2:54 of 1st period - Wrist shot by Kyle Clifford.
2:54 of 1st period - Stopped by Frederik Andersen without a rebound.
2:55 of 1st period - Sean Couturier wins face-off versus Cory Emmerton in Rangers zone.
3:04 of 1st period - Matthew Spiller is hit by Sean Couturier and loses puck.
3:56 of 1st period - Snap shot by Alex Galchenyuk.
3:56 of 1st period - Shot Misses the Net.
4:38 of 1st period - Backhand shot by Stephen Weiss.
4:38 of 1st period - Shot Blocked by Matthew Spiller.
4:52 of 1st period - Snap shot by Brayden Schenn.
4:52 of 1st period - Stopped by Frederik Andersen without a rebound.
4:53 of 1st period - Brayden Schenn wins face-off versus Sean Couturier in Rangers zone.
5:23 of 1st period - William Colbert is hit by Cam Barker and loses puck.
5:55 of 1st period - Minor Penalty to Stephen Weiss for Hooking.
5:56 of 1st period - Brayden Schenn wins face-off versus Patrice Bergeron in Rangers zone.
6:37 of 1st period - Milan Lucic is hit by Kyle Clifford and loses puck.
7:02 of 1st period - Matt Read is hit by Cory Emmerton and loses puck.
7:55 of 1st period - Penalty to Stephen Weiss is over, Stephen Weiss is back on ice.
8:03 of 1st period - Slapshot by Gustav Nyquist.
8:03 of 1st period - Shot Misses the Net.
9:36 of 1st period - Mike Weber is hit by Sean Couturier and loses puck.
9:59 of 1st period - Kyle Clifford is hit by Matt Read and loses puck.
10:10 of 1st period - Tomas Kopecky is hit by Patrice Bergeron.
10:23 of 1st period - Alex Galchenyuk is hit by Mark Fistric and loses puck.
10:36 of 1st period - Wrist shot by Artem Anisimov.
10:36 of 1st period - Shot Blocked by Alexander Perezhogin.
10:38 of 1st period - Slapshot by Mark Fistric.
10:38 of 1st period - Shot Blocked by Erik Gudbranson.
12:06 of 1st period - Milan Lucic is hit by Cédric Lalonde-McNicoll and loses puck.
12:17 of 1st period - Stephen Weiss is hit by Eric Wellwood and loses puck.
12:50 of 1st period - Off-side.
12:51 of 1st period - Brayden Schenn wins face-off versus Jakob Silfverberg in neutral zone.
12:57 of 1st period - Off-side.
12:58 of 1st period - Tomas Kopecky wins face-off versus Patrice Bergeron in neutral zone.
13:03 of 1st period - Wrist shot by Tomas Kopecky.
13:03 of 1st period - Stopped by Frederik Andersen without a rebound.
13:04 of 1st period - Patrice Bergeron wins face-off versus Brayden Schenn in Rangers zone.
13:04 of 1st period - Patrice Bergeron is hit by Erik Gudbranson.
13:34 of 1st period - Slapshot by James Neal.
13:34 of 1st period - Stopped by Petr Mrazek with a rebound.
13:50 of 1st period - Wrist shot by Stephen Weiss.
13:50 of 1st period - Shot Blocked by Eric Wellwood.
13:52 of 1st period - Slapshot by Alexei Emelin.
13:52 of 1st period - Deflect By Matt Read.
13:52 of 1st period - Stopped by Petr Mrazek with a rebound.
13:54 of 1st period - Wrist shot by Matt Read.
13:54 of 1st period - Goal by Matt Read - Rangers : 1 - Panthers : 0.
13:55 of 1st period - Milan Lucic wins face-off versus Brayden Schenn in neutral zone.
14:00 of 1st period - Snap shot by Cam Barker.
14:00 of 1st period - Stopped by Petr Mrazek without a rebound.
14:01 of 1st period - Brayden Schenn wins face-off versus Patrice Bergeron in Panthers zone.
14:12 of 1st period - Slapshot by Tomas Kopecky.
14:12 of 1st period - Goal by Tomas Kopecky - Rangers : 1 - Panthers : 1.
14:13 of 1st period - Milan Lucic wins face-off versus Tomas Kopecky in neutral zone.
14:20 of 1st period - Slapshot by Brayden Schenn.
14:20 of 1st period - Deflect By Milan Lucic.
14:20 of 1st period - Shot Misses the Net.
14:20 of 1st period - Puck is out of play.
14:21 of 1st period - Patrice Bergeron wins face-off versus Tomas Kopecky in Rangers zone.
14:37 of 1st period - Kyle Clifford is hit by Jakob Silfverberg and loses puck.
14:54 of 1st period - Snap shot by Patrice Bergeron.
14:54 of 1st period - Stopped by Petr Mrazek without a rebound.
14:55 of 1st period - Sean Couturier wins face-off versus Cory Emmerton in Panthers zone.
15:04 of 1st period - Wrist shot by Cory Emmerton.
15:04 of 1st period - Stopped by Frederik Andersen with a rebound.
16:45 of 1st period - Snap shot by Matt Read.
16:45 of 1st period - Deflect By Alex Tanguay.
16:45 of 1st period - Stopped by Petr Mrazek with a rebound.
16:47 of 1st period - Slapshot by Colten Teubert.
16:47 of 1st period - Stopped by Petr Mrazek with a rebound.
16:49 of 1st period - Wrist shot by Matt Read.
16:49 of 1st period - Shot Misses the Net.
16:51 of 1st period - Snap shot by Alex Tanguay.
16:51 of 1st period - Shot Misses the Net.
16:53 of 1st period - Snap shot by Alex Tanguay.
16:53 of 1st period - Shot Misses the Net.
17:23 of 1st period - Brayden Schenn is hit by Patrice Bergeron and loses puck.
17:24 of 1st period - Brayden Schenn from Panthers is injured at 17:24 of 1st period (Sprained Right Ankle).
17:25 of 1st period - Patrice Bergeron wins face-off versus Alex Galchenyuk in Panthers zone.
17:26 of 1st period - Slapshot by Milan Lucic.
17:26 of 1st period - Shot Misses the Net.
17:30 of 1st period - Snap shot by Milan Lucic.
17:30 of 1st period - Stopped by Petr Mrazek with a rebound.
17:32 of 1st period - Snap shot by Milan Lucic.
17:32 of 1st period - Shot Blocked by Matthew Spiller.
17:38 of 1st period - Snap shot by Patrice Bergeron.
17:38 of 1st period - Shot Blocked by Kyle Clifford.
17:52 of 1st period - Erik Gudbranson is hit by Sean Couturier and loses puck.
18:07 of 1st period - Matt Greene is hit by Eric Wellwood and loses puck.
19:15 of 1st period - Alex Tanguay is hit by Alexander Perezhogin and loses puck.
19:22 of 1st period - Slapshot by Jonathan Matsumoto.
19:22 of 1st period - Deflect By Alexander Perezhogin.
19:22 of 1st period - Stopped by Frederik Andersen without a rebound.
19:23 of 1st period - Patrice Bergeron wins face-off versus Alex Galchenyuk in Rangers zone.
19:23 of 1st period - Patrice Bergeron is hit by Kyle Clifford.
19:45 of 1st period - Minor Penalty to Jakob Silfverberg for Interference.
19:46 of 1st period - Alex Galchenyuk wins face-off versus Matt Read in Rangers zone.
19:49 of 1st period - Wrist shot by Kyle Clifford.
19:49 of 1st period - Goal by Kyle Clifford - Rangers : 1 - Panthers : 2.
19:50 of 1st period - Patrice Bergeron wins face-off versus Alex Galchenyuk in neutral zone.
Goals for this period are 1 for Rangers vs 2 for Panthers.
Shots for this period are 8 for Rangers vs 7 for Panthers.

2nd period


0:01 of 2nd period - Alex Galchenyuk wins face-off versus Patrice Bergeron in neutral zone.
0:25 of 2nd period - Ryan Suter is hit by Erik Gudbranson.
0:33 of 2nd period - Slapshot by Daniel Sedin.
0:33 of 2nd period - Shot Misses the Net.
0:35 of 2nd period - Slapshot by Jonathan Sigalet.
0:35 of 2nd period - Shot Blocked by Cam Barker.
1:15 of 2nd period - Tomas Kopecky is hit by Matt Read and loses puck.
1:35 of 2nd period - Minor Penalty to Alex Tanguay for Goalie Interference.
1:36 of 2nd period - Patrice Bergeron wins face-off versus Alex Galchenyuk in Rangers zone.
2:22 of 2nd period - Matt Read is hit by Drew Stafford and loses puck.
2:37 of 2nd period - Wrist shot by Milan Lucic.
2:37 of 2nd period - Stopped by Petr Mrazek with a rebound.
2:39 of 2nd period - Slapshot by Milan Lucic.
2:39 of 2nd period - Shot Misses the Net.
2:41 of 2nd period - Slapshot by Alexei Emelin.
2:41 of 2nd period - Deflect By Milan Lucic.
2:41 of 2nd period - Goal by Milan Lucic - Rangers : 2 - Panthers : 2.
2:42 of 2nd period - Alex Galchenyuk wins face-off versus Patrice Bergeron in neutral zone.
3:09 of 2nd period - Cam Barker is hit by Drew Stafford and loses puck.
3:35 of 2nd period - Penalty to Alex Tanguay is over, Alex Tanguay is back on ice.
3:36 of 2nd period - Snap shot by Milan Lucic.
3:36 of 2nd period - Stopped by Petr Mrazek without a rebound.
3:37 of 2nd period - Jonathan Matsumoto wins face-off versus Sean Couturier in Panthers zone.
3:58 of 2nd period - Wrist shot by Patrick Eaves.
3:58 of 2nd period - Deflect By Daniel Sedin.
3:58 of 2nd period - Shot Misses the Net.
3:58 of 2nd period - Puck is out of play.
3:59 of 2nd period - Cory Emmerton wins face-off versus Milan Lucic in Rangers zone.
4:00 of 2nd period - Wrist shot by Drew Stafford.
4:00 of 2nd period - Stopped by Frederik Andersen with a rebound.
4:02 of 2nd period - Slapshot by Brendan Smith.
4:02 of 2nd period - Stopped by Frederik Andersen without a rebound.
4:03 of 2nd period - Alex Galchenyuk wins face-off versus Patrice Bergeron in Rangers zone.
4:30 of 2nd period - Wrist shot by Matt Read.
4:30 of 2nd period - Shot Blocked by Tomas Kopecky.
5:09 of 2nd period - Tomas Kopecky is hit by Chris Bourque and loses puck.
5:55 of 2nd period - Ryan Suter is hit by Cédric Lalonde-McNicoll and loses puck.
6:09 of 2nd period - Off-side.
6:10 of 2nd period - Cory Emmerton wins face-off versus Sean Couturier in neutral zone.
6:16 of 2nd period - Minor Penalty to Sean Couturier for Hooking.
6:17 of 2nd period - Alex Galchenyuk wins face-off versus Matt Read in Rangers zone.
6:20 of 2nd period - Wrist shot by Alex Galchenyuk.
6:20 of 2nd period - Stopped by Frederik Andersen with a rebound.
6:22 of 2nd period - Wrist shot by Tomas Kopecky.
6:22 of 2nd period - Goal by Tomas Kopecky - Rangers : 2 - Panthers : 3.
6:23 of 2nd period - Alex Galchenyuk wins face-off versus Milan Lucic in neutral zone.
6:50 of 2nd period - Icing by Erik Gudbranson.
6:51 of 2nd period - Jonathan Matsumoto wins face-off versus Sean Couturier in Panthers zone.
7:29 of 2nd period - Jonathan Sigalet is hit by Sean Couturier and loses puck.
8:32 of 2nd period - Backhand shot by Magnus Paajarvi-Svensson.
8:32 of 2nd period - Stopped by Petr Mrazek without a rebound.
8:33 of 2nd period - Alex Galchenyuk wins face-off versus Patrice Bergeron in Panthers zone.
8:38 of 2nd period - Slapshot by Kyle Clifford.
8:38 of 2nd period - Shot Blocked by Ryan Suter.
8:40 of 2nd period - Wrist shot by Tomas Kopecky.
8:40 of 2nd period - Goal by Tomas Kopecky - Rangers : 2 - Panthers : 4.
8:40 of 2nd period - Braden Holtby enters game.
8:41 of 2nd period - Patrice Bergeron wins face-off versus Alex Galchenyuk in neutral zone.
9:13 of 2nd period - Snap shot by Cédric Lalonde-McNicoll.
9:13 of 2nd period - Shot Blocked by Cam Barker.
9:15 of 2nd period - Slapshot by Mike Weber.
9:15 of 2nd period - Shot Misses the Net.
9:17 of 2nd period - Wrist shot by Patrick Eaves.
9:17 of 2nd period - Shot Misses the Net.
9:19 of 2nd period - Wrist shot by Patrick Eaves.
9:19 of 2nd period - Goal by Patrick Eaves - Rangers : 2 - Panthers : 5.
9:20 of 2nd period - Alex Galchenyuk wins face-off versus Patrice Bergeron in neutral zone.
9:23 of 2nd period - Wrist shot by Tomas Kopecky.
9:23 of 2nd period - Stopped by Braden Holtby with a rebound.
9:33 of 2nd period - Snap shot by Jakob Silfverberg.
9:33 of 2nd period - Deflect By Milan Lucic.
9:33 of 2nd period - Shot Misses the Net.
9:33 of 2nd period - Puck is out of play.
9:34 of 2nd period - Alex Galchenyuk wins face-off versus Patrice Bergeron in Panthers zone.
10:26 of 2nd period - Wrist shot by Patrick Eaves.
10:26 of 2nd period - Stopped by Braden Holtby with a rebound.
10:28 of 2nd period - Wrist shot by William Colbert.
10:28 of 2nd period - Deflect By Daniel Sedin.
10:28 of 2nd period - Shot Misses the Net.
10:28 of 2nd period - Puck is out of play.
10:29 of 2nd period - Sean Couturier wins face-off versus Alex Galchenyuk in Rangers zone.
10:29 of 2nd period - Sean Couturier is hit by Kyle Clifford.
10:41 of 2nd period - Slapshot by Sean Couturier.
10:41 of 2nd period - Stopped by Petr Mrazek with a rebound.
10:55 of 2nd period - Jonathan Matsumoto is hit by Milan Lucic and loses puck.
11:02 of 2nd period - Milan Lucic is hit by Jonathan Matsumoto and loses puck.
11:23 of 2nd period - Wrist shot by Alex Tanguay.
11:23 of 2nd period - Shot Misses the Net.
11:41 of 2nd period - Erik Gudbranson is hit by Cam Barker and loses puck.
12:04 of 2nd period - Snap shot by Jakob Silfverberg.
12:04 of 2nd period - Stopped by Petr Mrazek with a rebound.
12:06 of 2nd period - Slapshot by Milan Lucic.
12:06 of 2nd period - Shot Misses the Net.
12:08 of 2nd period - Snap shot by Patrice Bergeron.
12:08 of 2nd period - Deflect By Jakob Silfverberg.
12:08 of 2nd period - Stopped by Petr Mrazek with a rebound.
13:02 of 2nd period - Wrist shot by Tomas Kopecky.
13:02 of 2nd period - Deflect By Alex Galchenyuk.
13:02 of 2nd period - Stopped by Braden Holtby without a rebound.
13:03 of 2nd period - Alex Galchenyuk wins face-off versus Patrice Bergeron in Rangers zone.
13:06 of 2nd period - Slapshot by Tomas Kopecky.
13:06 of 2nd period - Shot Blocked by Alexei Emelin.
13:08 of 2nd period - Slapshot by Kyle Clifford.
13:08 of 2nd period - Stopped by Braden Holtby with a rebound.
13:10 of 2nd period - Slapshot by Jonathan Sigalet.
13:10 of 2nd period - Shot Misses the Net.
13:44 of 2nd period - Slapshot by Kyle Clifford.
13:44 of 2nd period - Shot Misses the Net.
13:46 of 2nd period - Slapshot by Brendan Smith.
13:46 of 2nd period - Stopped by Braden Holtby with a rebound.
13:48 of 2nd period - Slapshot by Kyle Clifford.
13:48 of 2nd period - Shot Misses the Net.
13:56 of 2nd period - Snap shot by Tomas Kopecky.
13:56 of 2nd period - Stopped by Braden Holtby with a rebound.
13:58 of 2nd period - Snap shot by Brendan Smith.
13:58 of 2nd period - Shot Misses the Net.
14:00 of 2nd period - Snap shot by Alex Galchenyuk.
14:00 of 2nd period - Shot Misses the Net.
14:04 of 2nd period - Snap shot by Kyle Clifford.
14:04 of 2nd period - Shot Misses the Net.
14:08 of 2nd period - Snap shot by Tomas Kopecky.
14:08 of 2nd period - Shot Misses the Net.
14:10 of 2nd period - Snap shot by Jonathan Sigalet.
14:10 of 2nd period - Shot Blocked by Matt Greene.
14:16 of 2nd period - Wrist shot by Kyle Clifford.
14:16 of 2nd period - Stopped by Braden Holtby without a rebound.
14:17 of 2nd period - Sean Couturier wins face-off versus Jonathan Matsumoto in Rangers zone.
14:17 of 2nd period - Sean Couturier is hit by Eric Wellwood.
14:24 of 2nd period - Minor Penalty to Jonathan Matsumoto for Close Hand On Puck.
14:25 of 2nd period - Daniel Sedin wins face-off versus Magnus Paajarvi-Svensson in Panthers zone.
14:38 of 2nd period - Slapshot by Cam Barker.
14:38 of 2nd period - Shot Blocked by Drew Stafford.
14:40 of 2nd period - Snap shot by Stephen Weiss.
14:40 of 2nd period - Goal by Stephen Weiss - Rangers : 3 - Panthers : 5.
14:41 of 2nd period - Cory Emmerton wins face-off versus Patrice Bergeron in neutral zone.
14:44 of 2nd period - Snap shot by Drew Stafford.
14:44 of 2nd period - Goal by Drew Stafford - Rangers : 3 - Panthers : 6.
14:45 of 2nd period - Cory Emmerton wins face-off versus Patrice Bergeron in neutral zone.
15:06 of 2nd period - Minor Penalty to Jakob Silfverberg for Interference.
15:07 of 2nd period - Alex Galchenyuk wins face-off versus Patrice Bergeron in Rangers zone.
15:44 of 2nd period - Snap shot by Sean Couturier.
15:44 of 2nd period - Stopped by Petr Mrazek without a rebound.
15:45 of 2nd period - Sean Couturier wins face-off versus Cory Emmerton in Panthers zone.
15:54 of 2nd period - Snap shot by Milan Lucic.
15:54 of 2nd period - Shot Blocked by Jonathan Sigalet.
17:06 of 2nd period - Penalty to Jakob Silfverberg is over, Jakob Silfverberg is back on ice.
17:16 of 2nd period - Wrist shot by Cédric Lalonde-McNicoll.
17:16 of 2nd period - Stopped by Braden Holtby with a rebound.
17:34 of 2nd period - Alexander Perezhogin is hit by Gustav Nyquist and loses puck.
17:51 of 2nd period - Daniel Sedin is hit by Patrice Bergeron and loses puck.
18:42 of 2nd period - Slapshot by Cam Barker.
18:42 of 2nd period - Shot Misses the Net.
19:39 of 2nd period - Mike Weber is hit by Alexei Emelin and loses puck.
Goals for this period are 2 for Rangers vs 4 for Panthers.
Shots for this period are 9 for Rangers vs 15 for Panthers.

3rd period


0:01 of 3rd period - Cory Emmerton wins face-off versus Patrice Bergeron in neutral zone.
0:10 of 3rd period - Jakob Silfverberg is hit by Alex Galchenyuk and loses puck.
0:25 of 3rd period - Ryan Suter is hit by Kyle Clifford and loses puck.
0:31 of 3rd period - Mark Fistric is hit by Erik Gudbranson and loses puck.
0:38 of 3rd period - Snap shot by Jonathan Matsumoto.
0:38 of 3rd period - Stopped by Braden Holtby with a rebound.
0:40 of 3rd period - Slapshot by Matthew Spiller.
0:40 of 3rd period - Stopped by Braden Holtby with a rebound.
0:42 of 3rd period - Slapshot by Alexander Perezhogin.
0:42 of 3rd period - Deflect By Eric Wellwood.
0:42 of 3rd period - Shot Misses the Net.
0:42 of 3rd period - Puck is out of play.
0:43 of 3rd period - Sean Couturier wins face-off versus Alex Galchenyuk in Rangers zone.
0:50 of 3rd period - Slapshot by Magnus Paajarvi-Svensson.
0:50 of 3rd period - Shot Misses the Net.
0:52 of 3rd period - Slapshot by Cam Barker.
0:52 of 3rd period - Shot Blocked by William Colbert.
0:54 of 3rd period - Slapshot by Cam Barker.
0:54 of 3rd period - Shot Blocked by Mike Weber.
1:08 of 3rd period - Matt Read is hit by Jonathan Matsumoto and loses puck.
2:09 of 3rd period - Slapshot by Cory Emmerton.
2:09 of 3rd period - Stopped by Braden Holtby with a rebound.
2:21 of 3rd period - William Colbert is hit by Matt Greene and loses puck.
2:33 of 3rd period - William Colbert is hit by Matt Greene and loses puck.
2:48 of 3rd period - Snap shot by Tomas Kopecky.
2:48 of 3rd period - Shot Misses the Net.
2:50 of 3rd period - Slapshot by Brendan Smith.
2:50 of 3rd period - Stopped by Braden Holtby with a rebound.
3:02 of 3rd period - Wrist shot by Jakob Silfverberg.
3:02 of 3rd period - Stopped by Petr Mrazek with a rebound.
3:14 of 3rd period - Wrist shot by Milan Lucic.
3:14 of 3rd period - Stopped by Petr Mrazek without a rebound.
3:15 of 3rd period - Alex Galchenyuk wins face-off versus Sean Couturier in Panthers zone.
4:42 of 3rd period - Kyle Clifford is hit by Magnus Paajarvi-Svensson and loses puck.
5:19 of 3rd period - Gustav Nyquist is hit by Kyle Clifford and loses puck.
6:00 of 3rd period - Matthew Spiller is hit by Stephen Weiss and loses puck.
6:15 of 3rd period - Jonathan Matsumoto is hit by Cam Barker and loses puck.
6:22 of 3rd period - Patrice Bergeron is hit by Alexander Perezhogin and loses puck.
6:56 of 3rd period - Erik Gudbranson is hit by Chris Bourque and loses puck.
7:02 of 3rd period - Icing by Matthew Spiller.
7:03 of 3rd period - Patrice Bergeron wins face-off versus Patrick Eaves in Panthers zone.
7:06 of 3rd period - Snap shot by Milan Lucic.
7:06 of 3rd period - Stopped by Petr Mrazek with a rebound.
7:08 of 3rd period - Wrist shot by Colten Teubert.
7:08 of 3rd period - Stopped by Petr Mrazek without a rebound.
7:09 of 3rd period - Cory Emmerton wins face-off versus Jakob Silfverberg in Panthers zone.
8:07 of 3rd period - Erik Gudbranson is hit by Ryan Suter and loses puck.
8:22 of 3rd period - Erik Gudbranson is hit by Alex Tanguay and loses puck.
8:43 of 3rd period - Wrist shot by Chris Bourque.
8:43 of 3rd period - Deflect By Alex Galchenyuk.
8:43 of 3rd period - Stopped by Petr Mrazek without a rebound.
8:44 of 3rd period - Patrice Bergeron wins face-off versus Cory Emmerton in Panthers zone.
8:49 of 3rd period - Wrist shot by Jakob Silfverberg.
8:49 of 3rd period - Stopped by Petr Mrazek with a rebound.
8:51 of 3rd period - Slapshot by Cam Barker.
8:51 of 3rd period - Shot Blocked by Cory Emmerton.
8:53 of 3rd period - Slapshot by Milan Lucic.
8:53 of 3rd period - Stopped by Petr Mrazek without a rebound.
8:54 of 3rd period - Patrice Bergeron wins face-off versus Cory Emmerton in Panthers zone.
9:01 of 3rd period - Wrist shot by Milan Lucic.
9:01 of 3rd period - Shot Blocked by Cory Emmerton.
9:17 of 3rd period - Jonathan Sigalet is hit by Milan Lucic and loses puck.
9:22 of 3rd period - Snap shot by Jakob Silfverberg.
9:22 of 3rd period - Stopped by Petr Mrazek with a rebound.
9:24 of 3rd period - Slapshot by Cam Barker.
9:24 of 3rd period - Shot Misses the Net.
9:26 of 3rd period - Slapshot by Patrice Bergeron.
9:26 of 3rd period - Stopped by Petr Mrazek with a rebound.
9:28 of 3rd period - Snap shot by Patrice Bergeron.
9:28 of 3rd period - Shot Misses the Net.
9:40 of 3rd period - Snap shot by Jakob Silfverberg.
9:40 of 3rd period - Deflect By Milan Lucic.
9:40 of 3rd period - Shot Blocked by Cory Emmerton.
9:40 of 3rd period - Puck is out of play.
9:41 of 3rd period - Sean Couturier wins face-off versus Cory Emmerton in Panthers zone.
9:52 of 3rd period - Wrist shot by Magnus Paajarvi-Svensson.
9:52 of 3rd period - Shot Misses the Net.
9:54 of 3rd period - Slapshot by Sean Couturier.
9:54 of 3rd period - Stopped by Petr Mrazek with a rebound.
9:56 of 3rd period - Snap shot by Sean Couturier.
9:56 of 3rd period - Shot Misses the Net.
10:02 of 3rd period - Minor Penalty to Cory Emmerton for Hooking.
10:03 of 3rd period - Daniel Sedin wins face-off versus Patrice Bergeron in Panthers zone.
10:03 of 3rd period - Daniel Sedin is hit by Jakob Silfverberg.
10:29 of 3rd period - Jonathan Matsumoto is hit by Magnus Paajarvi-Svensson and loses puck.
10:36 of 3rd period - Slapshot by James Neal.
10:36 of 3rd period - Deflect By Brendan Smith.
10:36 of 3rd period - Stopped by Petr Mrazek without a rebound.
10:37 of 3rd period - Jakob Silfverberg wins face-off versus Daniel Sedin in Panthers zone.
10:46 of 3rd period - Snap shot by Milan Lucic.
10:46 of 3rd period - Shot Misses the Net.
11:07 of 3rd period - Cam Barker is hit by Alex Galchenyuk.
11:32 of 3rd period - Snap shot by Milan Lucic.
11:32 of 3rd period - Shot Misses the Net.
12:02 of 3rd period - Penalty to Cory Emmerton is over, Cory Emmerton is back on ice.
12:14 of 3rd period - Snap shot by Chris Bourque.
12:14 of 3rd period - Stopped by Petr Mrazek without a rebound.
12:15 of 3rd period - Cory Emmerton wins face-off versus Artem Anisimov in Panthers zone.
12:15 of 3rd period - Cory Emmerton is hit by Alexei Emelin.
12:18 of 3rd period - Minor Penalty to William Colbert for Hooking.
12:19 of 3rd period - Daniel Sedin wins face-off versus Patrice Bergeron in Panthers zone.
12:25 of 3rd period - Wrist shot by Jakob Silfverberg.
12:25 of 3rd period - Stopped by Petr Mrazek with a rebound.
12:27 of 3rd period - Wrist shot by Jakob Silfverberg.
12:27 of 3rd period - Shot Blocked by Matthew Spiller.
12:29 of 3rd period - Slapshot by Cam Barker.
12:29 of 3rd period - Stopped by Petr Mrazek with a rebound.
12:31 of 3rd period - Slapshot by Milan Lucic.
12:31 of 3rd period - Shot Misses the Net.
12:33 of 3rd period - Snap shot by Milan Lucic.
12:33 of 3rd period - Deflect By Patrice Bergeron.
12:33 of 3rd period - Shot Misses the Net.
12:33 of 3rd period - Puck is out of play.
12:34 of 3rd period - Daniel Sedin wins face-off versus Patrice Bergeron in Panthers zone.
12:49 of 3rd period - Snap shot by Patrice Bergeron.
12:49 of 3rd period - Stopped by Petr Mrazek with a rebound.
13:03 of 3rd period - Slapshot by Cam Barker.
13:03 of 3rd period - Shot Misses the Net.
13:31 of 3rd period - James Neal is hit by Alex Galchenyuk and loses puck.
14:18 of 3rd period - Penalty to William Colbert is over, William Colbert is back on ice.
15:02 of 3rd period - Slapshot by Cédric Lalonde-McNicoll.
15:02 of 3rd period - Shot Misses the Net.
15:34 of 3rd period - William Colbert is hit by James Neal and loses puck.
17:56 of 3rd period - Alex Tanguay is hit by Jonathan Matsumoto and loses puck.
18:07 of 3rd period - Sean Couturier is hit by Cédric Lalonde-McNicoll and loses puck.
18:14 of 3rd period - Patrick Eaves is hit by Alexei Emelin and loses puck.
18:25 of 3rd period - Matt Greene is hit by Alex Galchenyuk and loses puck.
19:18 of 3rd period - Patrick Eaves is hit by Colten Teubert and loses puck.
Goals for this period are 0 for Rangers vs 0 for Panthers.
Shots for this period are 15 for Rangers vs 4 for Panthers.